 Dungeon Crawl Stone Soup version 0.17.1-3-g152610e (webtiles) character file.

812617 manyhoops the Slayer (level 27, -2/381 (394) HPs)
             Began as a Demonspawn Gladiator on Apr 27, 2016.
             Was a High Priest of Okawaru.
             Killed from afar by Dispater (31 damage)
             ... with a crystal spear
             ... on level 7 of the Iron City of Dis on May 2, 2016.
             The game lasted 06:24:10 (101763 turns).

manyhoops the Slayer (Demonspawn Gladiator)       Turns: 101763, Time: 06:24:12

HP:   -2/381 (394)  AC: 65    Str: 24      XL:     27
MP:   0/34          EV: 16    Int:  7 (16) God:    Okawaru [*****.]
Gold: 6823          SH:  0    Dex: 19      Spells: 0 memorised, 34 levels left

rFire  + + +     SeeInvis .     T - +9 triple sword (slice)
rCold  + + +     Clarity  .     G - +21 crystal plate armour of Spite {rPois rC+ Str-4}
rNeg   + + +     SustAt   .     (shield currently unavailable)
rPois  +         Gourm    .     V - +2 hat "Tuatwuadgh" {rPois}
rElec  .         Spirit   +     u - +2 cloak of the Elven Halls {rC+ Dex+2}
rCorr  +         Warding  .     n - +0 pair of gloves of the Loofah {+Blink rN+ Int+5}
rMut   .         Stasis   .     (boots unavailable)
MR     +++..                    x - amulet of resist corrosion
Stlth  ..........               j - ring of protection from cold
                                d - ring of Nunes {rF+ rN+ MR+ AC+4 Int+3}

@: mighty, berserking (expiring), lethally poisoned (-2 -> -2), liquid flames,
glowing, very quick, extremely resistant to hostile enchantments, extremely
unstealthy
A: antennae 1, hooves 3, rugged brown scales 3, breathe flames 1, dopey 1, fire
resistance 2, ignite blood, mutation resistance 1, negative energy resistance 1,
screaming 1, 50% torment resistance, weak 1, magic shield, magic regeneration,
magic link, black mark, flame cloud immunity
a: Heroism, Finesse, Renounce Religion, Breathe Fire, Evoke Blink
}: 6/15 runes: decaying, serpentine, slimy, silver, obsidian, abyssal


You were on level 7 of the Iron City of Dis.
You worshipped Okawaru.
Okawaru was extremely pleased with you.
You were not hungry.

You visited 14 branches of the dungeon, and saw 71 of its levels.
You visited the Abyss 4 times.
You also visited: Trove and Volcano.

You collected 10136 gold pieces.
You spent 3313 gold pieces at shops.

Inventory:

Hand Weapons
 c - a +4 great sword of flaming
 t - the +7 Sceptre of Asmodeus
   (You took it off Asmodeus on level 7 of Gehenna)
 T - a +9 triple sword of slicing (weapon)
Armour
 n - the +0 pair of gloves of the Loofah (worn) {+Blink rN+ Int+5}
   (Okawaru gifted it to you on level 15 of the Dungeon)

   It affects your intelligence (+5).
   It protects you from negative energy.
   It lets you blink.
 u - the +2 cloak of the Elven Halls (worn) {rC+ Dex+2}
   (You found it on level 7 of Gehenna)

   It affects your dexterity (+2).
   It protects you from cold.
 G - the +21 crystal plate armour of Spite (worn) {rPois rC+ Str-4}
   (Okawaru gifted it to you on level 12 of the Dungeon)

   It affects your strength (-4).
   It protects you from cold.
   It protects you from poison.
 V - the +2 hat "Tuatwuadgh" (worn) {rPois}
   (Okawaru gifted it to you on level 3 of the Vaults)

   It protects you from poison.
 X - a +2 cloak of magic resistance
Jewellery
 d - the ring of Nunes (left hand) {rF+ rN+ MR+ AC+4 Int+3}
   (You took it off a deep elf high priest on level 3 of the Elven Halls)

   [ring of protection]

   It affects your AC (+4).
   It affects your intelligence (+3).
   It protects you from fire.
   It protects you from negative energy.
   It affects your resistance to hostile enchantments.
 i - the ring of Posuump {rElec rN+++ Int-3 SInv Stlth-}
   (You bought it in a shop on level 2 of the Elven Halls)

   [ring of loudness]

   It affects your intelligence (-3).
   It insulates you from electricity.
   It renders you almost immune to negative energy.
   It lets you see invisible.
   It makes you less stealthy.
 j - a ring of protection from cold (right hand)
 p - an uncursed amulet of resist mutation
 q - an uncursed amulet of the gourmand
 x - an amulet of resist corrosion (around neck)
Wands
 k - a wand of lightning (7)
 o - a wand of slowing (12)
 z - a wand of disintegration (9)
 A - a wand of fireball (3)
 B - a wand of cold (5)
 C - a wand of teleportation (5)
Scrolls
 f - 5 scrolls of fog
 l - 8 scrolls of random uselessness
 s - 3 scrolls of summoning
 v - 9 scrolls of immolation
 y - 8 scrolls of remove curse
 L - 6 scrolls of fear
 M - 3 scrolls of blinking
 U - 15 scrolls of identify
 W - 5 scrolls of recharging
 Y - a scroll of magic mapping
 Z - 2 scrolls of silence
Potions
 b - 4 potions of berserk rage
 g - 7 potions of brilliance
 h - 2 potions of heal wounds
 w - 4 potions of flight
 D - 3 potions of ambrosia
 E - 5 potions of agility
 J - 11 potions of curing
 N - 7 potions of resistance
 O - a potion of invisibility
 Q - 3 potions of cancellation
 R - 5 potions of might
 S - 2 potions of haste
Miscellaneous
 e - a lamp of fire
 r - the horn of Geryon
 I - 2 phantom mirrors
Comestibles
 m - 8 meat rations


   Skills:
 + Level 26.4 Fighting
 - Level 24.0 Long Blades
 - Level 1.7 Throwing
 - Level 24.6 Armour
 - Level 16.6 Dodging
 - Level 8.0 Stealth
 - Level 4.1 Spellcasting
 - Level 14.0 Invocations
 - Level 15.0 Evocations


You had 34 spell levels left.
You didn't know any spells.

Dungeon Overview and Level Annotations

Branches:
Dungeon (15/15)            Temple (1/1) D:7            Lair (8/8) D:10
  Swamp (4/4) Lair:6        Snake (4/4) Lair:6        Slime (6/6) Lair:8
    Orc (4/4) D:11            Elf (3/3) Orc:3        Vaults (5/5) D:13
  Crypt (1/3) Vaults:2     Depths (5/5) D:15           Hell (1/1)
    Dis (7/7) Hell            Geh (7/7) Hell            Tar (0/7) Hell
    Zot (0/5) Depths:5
    Coc: Hell:1

Altars:
Ashenzari
Cheibriados
Dithmenos
Elyvilon
Fedhas
Gozag
Kikubaaqudgha
Makhleb
Nemelex Xobeh
Okawaru
Qazlal
Ru
Sif Muna
Trog
Vehumet
Xom
Yredelemnul
Zin
The Shining One
Beogh
Jiyva

Shops:
D:13 *   D:15 [   Orc:2 }   Orc:3 (   Orc:4 :[?   Elf:2 =   Elf:3 (
Snake:3 [*   Vaults:2 *   Depths:1 :   Depths:5 [

Portals:
Hell: Depths:1 Depths:2 Depths:3 Depths:4 Depths:5
Abyss: Depths:1 Depths:2 Depths:3 Depths:4
Pandemonium: Depths:2 Depths:3
Ziggurat: Depths:4

Annotations:
Swamp:4 exclusion: oklob plant
Hell exclusion: ice statue
Dis:7 Dispater


Innate Abilities, Weirdness & Mutations

You have hooves in place of feet.
You are completely covered in rugged brown scales (AC +3, +7% HP).
Your flesh is very heat resistant.
Your demonic aura causes spilled blood to erupt in flames.
You resist negative energy.
You are somewhat able to resist unholy torments (1 in 2 success).
When hurt, damage is shared between your health and your magic reserves.
You regenerate magic rapidly.
When low on magic, you restore magic in place of health.
Your melee attacks may debilitate your foes.
You are immune to clouds of flame.
You have a pair of small antennae on your head.
You can breathe flames.
You are dopey. (Int -2)
You are somewhat resistant to further mutation.
You occasionally shout uncontrollably at your foes.
You are weak. (Str -2)


Message History

Dispater is almost dead.
The reaper closely misses you. Dispater hits you but does no damage.
You hit Dispater but do no damage. You kick Dispater, but do no damage.
Dispater is almost dead.
The balrug gestures at you. The sticky flame hits you! You resist.
You are covered in liquid flames!
Unknown command.
You slash Dispater! You kick Dispater, but do no damage.
Dispater is almost dead.
You are covered in liquid flames!
You feel sick.
Unknown command.
You slice Dispater!! You kick Dispater, but do no damage.
Dispater is almost dead.
You are covered in liquid flames!
The balrug closely misses you. Dispater gestures at you.
The crystal spear hits you!
You die...

*********########################
,,,,**,,,...................##...
,,,,**,,8................8..##...
,,,,**,,,,.....#''#.........##...
,,,,**,,8,...**#@2###....8..##...
,,,,***,,,.,*#.ยง&2..##.....###...
,,,,***,8,,,#........#.....###...
,,,,,**,,,,*#........##....##....
,,,,,**,,,,#..........#..8.##....
,,,,,**,,,,#.#$....$#.#....##....
,,,,****,,,##.#$$$$#.##...###....
,,,,*,,*,,,,#.######.#....###....
,,,,*,,*,,,,**,,**,,##....##.....


You could see Dispater, a reaper and a balrug.

Vanquished Creatures
  Asmodeus (Geh:7)
  the royal jelly (Slime:6)
  An ancient lich (Vaults:5)
  A juggernaut (Depths:5)
  Vashnia (Snake:2)
  Geryon (Hell)
  Nikola (Elf:1)
  3 golden dragons
  7 bone dragons
  31 Brimstone Fiends
  A hellephant (Abyss:2)
  Rupert (Orc:4)
  6 Hell Sentinels
  4 tentacled monstrosities
  4 Ice Fiends
  11 quicksilver dragons
  2 deep elf blademasters (Elf:3)
  5 titans
  3 octopode crushers
  A Shadow Fiend (Dis:7)
  3 liches
  The ghost of nublet the Black Belt, an adept DsMo of Ashenzari (Snake:2)
  24 acid blobs
  6 tentacled starspawn
  Gastronok (D:10)
  3 shadow dragons
  6 eldritch tentacles
  4 sphinxes
  Frances (D:14)
  5 Executioners
  8 tengu reavers
  4 thorn hunters
  Roxanne (D:15)
  9 greater nagas
  11 azure jellies
  3 storm dragons (Vaults:5)
  Wiglaf (Depths:2)
  10 frost giants
  17 iron dragons
  Donald (Orc:3)
  A draconian knight (Abyss:3)
  A fire giant (shapeshifter) (Vaults:5)
  Maud (Lair:3)
  A draconian scorcher (Abyss:3)
  20 vault wardens
  9 fire giants
  An orc warlord (Vaults:4)
  Louise (D:15)
  4 cacodemons
  8 deep elf sorcerers
  15 balrugs
  22 war gargoyles
  2 spriggan defenders
  A draconian annihilator (Depths:5)
  17 ironheart preservers
  18 stone giants
  43 reapers
  12 very ugly things
  A draconian caller (Depths:5)
  2 vampire knights
  Nessos (D:13)
  The ghost of Charly the Brawler, a journeyman VSTm of Cheibriados (Vaults:2)
  63 starcursed masses
  2 green draconians (Depths:5)
  6 deep elf demonologists
  A salamander stormcaller (Vaults:3)
  11 deep elf annihilators
  12 salamander firebrands
  Azrael (D:12)
  2 pale draconians (Depths:5)
  3 lorocyprocas
  A dire elephant (Lair:8)
  2 purple draconians (Depths:5)
  8 ettins
  2 red draconians (Depths:5)
  14 crystal guardians
  9 death oozes (Slime:6)
  3 eidola
  3 blizzard demons
  7 deep elf death magi
  7 quicksilver dragon zombies
  The ghost of jacquesderrida the Summoner, a journeyman DsSu of Ashenzari (Lair:8)
  6 deep elf high priests
  5 green deaths
  Josephine (Orc:3)
  13 yaktaur captains
  13 fire dragons
  34 vault guards
  8 entropy weavers
  16 great orbs of eyes
  17 hydras
  10 naga warriors
  3 quicksilver dragon skeletons (Geh:2)
  2 hell beasts (Dis:7)
  9 rakshasas
  4 ghost crabs
  A monstrous demonspawn (Depths:2)
  2 catoblepae
  3 ice dragons
  14 deep troll shamans
  A spriggan air mage (Depths:3)
  8 centaur warriors
  16 anacondas
  10 deep troll earth magi
  17 dancing weapons
  10 death yaks
  18 ogre magi
  2 orc high priests (Elf:1)
  13 hell hogs
  9 tengu warriors
  4 spriggan berserkers (Depths:5)
  2 vampire magi (Depths:1)
  7 titan zombies
  6 shock serpents
  26 naga sharpshooters
  9 thrashing horrors
  Urug (Orc:3)
  34 hell knights
  A queen ant (D:9)
  14 sun demons
  19 iron golems
  A fire crab (Vaults:1)
  25 deep elf knights
  6 storm dragon zombies
  4 titan skeletons
  6 soul eaters
  5 wretched stars
  54 skeletal warriors
  24 iron trolls
  2 fire crabs (shapeshifter)
  A sea snake (shapeshifter) (Depths:4)
  2 spatial maelstroms
  43 deep trolls
  2 ghost moth zombies
  3 storm dragon skeletons
  2 golden dragon zombies
  3 unseen horrors
  14 flayed ghosts
  A swamp dragon (shapeshifter) (Depths:2)
  An unseen horror (shapeshifter) (Depths:3)
  4 shadow demons
  9 phantasmal warriors
  4 giant orange brains
  12 anaconda zombies
  15 deep elf summoners
  8 salamander mystics
  A lindwurm (Lair:8)
  8 swamp dragons
  3 sea snakes (Snake:1)
  2 spectral hydras (Swamp:4)
  10 naga ritualists
  A golden dragon skeleton (Geh:7)
  Pikel (D:9)
  2 shambling mangroves
  A putrid demonspawn (Depths:2)
  7 hill giants
  15 ironbrand convokers
  13 wizards
  10 shadow dragon zombies
  15 small abominations
  14 ice devils
  6 anaconda skeletons
  3 wolf spiders
  4 wolf spider zombies
  A sphinx skeleton (Depths:4)
  An orb spider (shapeshifter) (Elf:1)
  18 deep elf conjurers
  9 orc sorcerers
  3 shadow dragon skeletons
  9 mana vipers
  8 necromancers
  2 iron dragon zombies
  7 frost giant zombies
  9 stone giant zombies
  A water nymph (shapeshifter) (D:13)
  7 fire giant zombies
  64 ugly things
  6 griffons
  7 shining eyes
  5 hornets
  A toenail golem (Volcano)
  11 orc knights
  3 worldbinders
  An iron dragon skeleton (Geh:2)
  37 naga magi
  26 salamanders
  3 octopodes (shapeshifter)
  27 elephants
  5 cyclopes
  6 dire elephant zombies
  4 centaur zombies
  10 vault sentinels
  An eye of devastation (Slime:5)
  27 black mambas
  6 sixfirhies
  A manticore (D:12)
  68 rust devils
  A stone giant skeleton (Geh:4)
  2 shock serpent zombies
  5 fire giant skeletons
  A guardian serpent (shapeshifter) (Elf:1)
  5 guardian serpents
  A titan simulacrum (Depths:4)
  3 orange demons (Abyss:2)
  2 torpor snails
  27 hellions
  11 large abominations
  A storm dragon simulacrum (Vaults:2)
  9 centaur skeletons
  23 spiny frogs
  19 molten gargoyles
  A purple draconian zombie (Geh:7)
  2 catoblepas zombies
  7 smoke demons
  2 dire elephant skeletons (Geh:7)
  2 emperor scorpion zombies
  A shock serpent skeleton (Geh:4)
  The ghost of doot the Covert, a novice FeEn of Sif Muna (D:9)
  The ghost of jacquesderrida the Summoner, a novice DsSu of Ashenzari (D:7)
  3 kobold demonologists
  40 yaktaurs
  A hellwing (Abyss:2)
  A catoblepas skeleton (Geh:6)
  9 komodo dragons
  A yaktaur (shapeshifter) (Vaults:5)
  A demonic crawler (Abyss:3)
  30 red devils
  14 blue devils
  4 efreet
  5 ancient zymes
  28 deep elf priests
  A tengu conjurer (Depths:3)
  2 swamp worm zombies (Swamp:4)
  2 jumping spiders (Vaults:4)
  49 tormentors
  2 harpy zombies
  A queen bee (shapeshifter) (D:13)
  10 hydra zombies
  13 freezing wraiths
  35 two-headed ogres
  4 fire drakes
  2 polar bears
  A troll (shapeshifter) (D:14)
  10 giant leeches
  2 merfolk (shapeshifter)
  3 trolls
  Grinder (D:4)
  3 spectral swamp dragons (Swamp:4)
  Prince Ribbit (Lair:3)
  A stone giant simulacrum (Vaults:1)
  4 raiju (Abyss:3)
  144 slime creatures
  3 fire dragon zombies
  42 blink frogs
  2 harpy skeletons
  7 boulder beetles
  4 hydra skeletons
  7 bog bodies
  2 air elementals (Depths:3)
  9 ice dragon zombies
  2 two-headed ogres (shapeshifter)
  8 ettin zombies
  10 alligator zombies
  A tarantella (Vaults:4)
  7 spriggans
  2 tarantellas (shapeshifter)
  5 ynoxinuls
  17 shadows
  11 hippogriffs
  Sigmund (D:6)
  68 flying skulls
  A centaur simulacrum (D:14)
  A redback (shapeshifter) (Vaults:5)
  2 ettin skeletons
  A fire dragon skeleton (Geh:6)
  34 wraiths
  3 alligator skeletons
  16 redbacks
  10 water elementals
  2 black mamba zombies
  12 vampires
  3 hungry ghosts
  64 yaks
  3 elf skeletons
  An ice dragon skeleton (Geh:4)
  7 wyverns
  A basilisk (shapeshifter) (Elf:2)
  6 basilisks
  5 chaos spawn (Abyss:3)
  33 fire elementals
  39 deep elf magi
  A black mamba skeleton (Geh:5)
  A fire bat (shapeshifter) (Depths:1)
  12 wargs
  A hog (shapeshifter) (Vaults:5)
  3 neqoxecs
  Grum (D:10)
  The ghost of Urist the Skirmisher, an amateur DsAK of Lugonu (D:4)
  16 humans
  51 deep elf fighters
  5 golden eyes
  3 steam dragons (Depths:5)
  28 swamp worms
  3 mottled dragons
  26 vampire mosquitoes
  16 insubstantial wisps
  32 wolves
  51 nagas
  2 spiny frog zombies (Hell)
  9 porcupines
  34 water moccasins
  21 soldier ants
  32 orc warriors
  90 hell hounds
  A spiny frog skeleton (Geh:1)
  7 eyes of draining
  14 phantoms
  4 black bears
  66 ogres
  6 sky beasts
  14 necrophages
  5 snapping turtle zombies
  10 swamp drakes
  2 manticore zombies
  8 wasps
  2 ice beasts
  13 centaurs
  6 swamp dragon zombies
  14 boggarts
  2 centaurs (shapeshifter)
  30 crocodiles
  2 manticore skeletons
  2 snapping turtle skeletons
  A crocodile (shapeshifter) (Vaults:5)
  7 big kobolds
  16 giant frogs
  A gnoll sergeant (D:6)
  A spiny frog simulacrum (Hell)
  2 electric eels
  5 scorpions
  8 killer bees
  90 wights
  4 quasits
  14 crimson imps
  2 giant frog zombies
  23 jellies
  8 hounds
  2 giant frog skeletons
  63 iron imps
  23 orc priests
  10 iguanas
  A human zombie (Dis:7)
  A human skeleton (Geh:7)
  An iguana (shapeshifter) (Vaults:5)
  Terence (D:2)
  A spectral swamp drake (Swamp:4)
  48 orc wizards
  28 worker ants
  6 sheep (Lair:5)
  A tengu zombie (Geh:6)
  A tengu skeleton (Geh:5)
  2 hound skeletons (D:7)
  10 mummies
  6 gnolls
  48 river rats
  2 swamp drake zombies (Swamp:4)
  10 adders
  7 shadow imps
  3 ufetubi (Abyss:2)
  An ooze (D:2)
  3 adder zombies
  2 worms
  2 adder skeletons
  163 orcs
  4 ball pythons
  4 giant cockroaches
  8 hobgoblins
  6 jackals
  5 quokkas
  17 bats
  3 giant geckos
  A giant gecko zombie (D:7)
  6 giant newts
  6 goblins
  A jackal skeleton (D:6)
  23 kobolds
  An orc skeleton (Geh:1)
  An orc zombie (Dis:5)
  28 rats
  4 briar patches
  2 crawling corpses (Vaults:2)
  2 fire vortices (Vaults:3)
  13 fungi
  2 lurking horrors (Abyss:2)
  8 plants
  2 starspawn tentacles
4123 creatures vanquished.

Vanquished Creatures (collateral kills)
  A Hell Sentinel (Dis:7)
  A lich (Depths:4)
  A green death (Hell)
  A storm dragon zombie (Geh:7)
  A hellion (Geh:7)
  A flying skull (Geh:7)
  2 hell hounds (Geh:7)
8 creatures vanquished.

Vanquished Creatures (others)
  Jorgrun (Swamp:3)
  2 eldritch tentacles
  A fire giant (Depths:5)
  2 ogre magi
  A shadow wraith (Vaults:4)
  2 storm dragon zombies
  A wolf spider zombie (Geh:4)
  A necromancer (Geh:5)
  A fire giant skeleton (Geh:5)
  2 drowned souls (Abyss:3)
  A sixfirhy (Hell)
  2 deep elf priests
  A hydra zombie (Geh:6)
  A two-headed ogre (Vaults:5)
  An ettin zombie (Geh:7)
  A fire dragon skeleton (Dis:5)
  An ettin skeleton (Geh:6)
  5 flying skulls
  A small abomination (Abyss:3)
  A wraith (Geh:2)
  A naga (Snake:3)
  3 slaves (D:9)
  A black bear (D:9)
  2 ogres
  2 boggarts
  A centaur (D:12)
  A giant frog (D:15)
  An elf zombie (Geh:5)
  An iron imp (Dis:5)
  2 orc wizards
  7 orcs
  A quokka (D:9)
  A quokka skeleton (D:9)
  300 eldritch tentacle segments
  61 fungi
  18 plants
  24 starspawn tentacles
  354 starspawn tentacle segments
810 creatures vanquished.

Grand Total: 4941 creatures vanquished

Notes
Turn   | Place    | Note
--------------------------------------------------------------
     0 | D:1      | manyhoops the Demonspawn Gladiator began the quest for the Orb.
     0 | D:1      | Reached XP level 1. HP: 16/16 MP: 1/1
    33 | D:1      | Reached skill level 3 in Long Blades
   253 | D:1      | Gained mutation: You are partially covered in rugged brown scales (AC +1, +3% HP). [demonic ancestry]
   253 | D:1      | Reached XP level 2. HP: 10/22 MP: 2/2
   475 | D:1      | HP: 1/22 [giant newt (1)]
   976 | D:1      | Reached XP level 3. HP: 25/28 MP: 3/3
  1180 | D:2      | Noticed Terence
  1197 | D:2      | Killed Terence
  1197 | D:2      | Reached skill level 1 in Armour
  1460 | D:2      | Gained mutation: When hurt, damage is shared between your health and your magic reserves. [demonic ancestry]
  1460 | D:2      | Reached XP level 4. HP: 33/35 MP: 4/4
  1694 | D:3      | Reached skill level 4 in Long Blades
  1709 | D:2      | HP: 1/35 [orc priest/divine providence (9)]
  2022 | D:3      | Reached XP level 5. HP: 37/41 MP: 5/5
  2085 | D:3      | You fall through a shaft for 2 floors!
  2085 | D:5      | Entered Level 5 of the Dungeon
  2105 | D:5      | Found a burning altar of Makhleb.
  2224 | D:5      | Noticed an ogre
  2234 | D:5      | Killed an ogre
  2247 | D:5      | Noticed an ogre
  2285 | D:5      | Reached XP level 6. HP: 11/48 MP: 4/6
  2467 | D:5      | Found a shadowy altar of Dithmenos.
  2527 | D:5      | Killed an ogre
  2527 | D:5      | Reached skill level 5 in Long Blades
  2550 | D:5      | HP: 2/49 [iguana (6)]
  2898 | D:3      | HP: 2/49 [orc wizard/magic dart (6)]
  3266 | D:3      | Gained mutation: Your flesh is heat resistant. [demonic ancestry]
  3266 | D:3      | Reached XP level 7. HP: 55/55 MP: 7/7
  3395 | D:4      | Noticed Grinder
  3435 | D:4      | Killed Grinder
  3586 | D:4      | Found a radiant altar of Vehumet.
  3639 | D:4      | Noticed Urist's ghost (amateur DsAK)
  3934 | D:4      | Reached skill level 6 in Long Blades
  3943 | D:4      | Killed Urist's ghost
  3943 | D:4      | Reached skill level 5 in Fighting
  4204 | D:4      | Gained mutation: You have large cloven feet. [demonic ancestry]
  4204 | D:4      | Reached XP level 8. HP: 59/63 MP: 8/8
  5037 | D:6      | Reached skill level 5 in Armour
  5399 | D:6      | Noticed Sigmund
  5402 | D:6      | Killed Sigmund
  5402 | D:6      | Reached skill level 7 in Long Blades
  5659 | D:7      | Noticed jacquesderrida's ghost (novice DsSu)
  5710 | D:7      | Killed jacquesderrida's ghost
  5710 | D:7      | Gained mutation: You are immune to clouds of flame. [demonic ancestry]
  5710 | D:7      | Reached XP level 9. HP: 60/73 MP: 5/9
  6454 | D:7      | Found a staircase to the Ecumenical Temple.
  6491 | Temple   | Entered the Ecumenical Temple
  6786 | D:8      | Reached skill level 8 in Long Blades
  6833 | D:8      | Noticed a white ugly thing
  6843 | D:8      | Killed a white ugly thing
  7709 | D:9      | Reached XP level 10. HP: 69/82 MP: 7/10
  7741 | D:9      | Reached skill level 9 in Long Blades
  7923 | D:9      | Noticed doot's ghost (novice FeEn)
  7927 | D:9      | Found a bloodstained altar of Trog.
  7943 | D:9      | Killed doot's ghost
  8200 | D:9      | Noticed Pikel
  8218 | D:9      | Killed Pikel
  8230 | D:9      | Found an iron altar of Okawaru.
  8260 | D:9      | Became a worshipper of Warmaster Okawaru
  8295 | D:9      | Found a deep blue altar of Sif Muna.
  8387 | D:9      | Found a stormy altar of Qazlal.
  8445 | D:9      | You fall through a shaft for 3 floors!
  8523 | D:11     | Noticed a green ugly thing
  8533 | D:11     | Killed a green ugly thing
  8590 | D:10     | Entered Level 10 of the Dungeon
  8590 | D:10     | Noticed Gastronok
  8720 | D:10     | Killed Gastronok
  8720 | D:10     | Reached * piety under Okawaru
  8720 | D:10     | Reached ** piety under Okawaru
  8720 | D:10     | Reached skill level 10 in Long Blades
  8720 | D:10     | Reached XP level 11. HP: 33/91 MP: 1/11
 10188 | D:10     | Reached *** piety under Okawaru
 10296 | D:10     | Noticed a hill giant
 10302 | D:10     | Killed a hill giant
 10532 | D:10     | Noticed Grum
 11069 | D:10     | Reached **** piety under Okawaru
 11275 | D:9      | HP: 4/92 [poisoned by a soldier ant]
 11280 | D:9      | HP: 2/92 [poisoned by a soldier ant]
 11285 | D:9      | HP: 1/92 [poisoned by a soldier ant]
 11292 | D:9      | HP: 1/92 [poisoned by a soldier ant]
 11300 | D:9      | HP: 1/92 [poisoned by a soldier ant]
 11735 | D:9      | Reached skill level 10 in Fighting
 12258 | D:10     | Reached skill level 10 in Armour
 12287 | D:10     | Reached skill level 11 in Long Blades
 12535 | D:10     | Reached ***** piety under Okawaru
 12569 | D:10     | Noticed a queen ant
 12580 | D:10     | HP: 2/94 [queen ant (6)]
 13119 | D:9      | Killed a queen ant
 13138 | D:9      | HP: 7/141 [poisoned by a queen ant]
 13143 | D:9      | HP: 5/141 [poisoned by a queen ant]
 13148 | D:9      | HP: 3/141 [poisoned by a queen ant]
 13153 | D:9      | HP: 3/141 [poisoned by a queen ant]
 13160 | D:9      | HP: 2/94 [poisoned by a queen ant]
 13168 | D:9      | HP: 2/94 [poisoned by a queen ant]
 13781 | D:10     | Received a gift from Okawaru
 13958 | D:10     | Found a staircase to the Lair.
 14088 | Lair:1   | Entered Level 1 of the Lair of Beasts
 14117 | D:10     | Killed Grum
 14117 | D:10     | Gained mutation: Your demonic aura causes spilled blood to erupt in flames. [demonic ancestry]
 14117 | D:10     | Reached XP level 12. HP: 73/101 MP: 7/12
 14296 | D:11     | Found a staircase to the Orcish Mines.
 14401 | D:11     | Noticed a cyclops
 14424 | Orc:1    | Entered Level 1 of the Orcish Mines
 14914 | Orc:2    | Found Ruwepecite's Gadget Shop.
 15044 | Orc:3    | Found a staircase to the Elven Halls.
 15102 | Orc:3    | Noticed Donald
 15316 | D:11     | Noticed a hill giant
 15323 | D:11     | Killed a hill giant
 15453 | D:11     | Killed a cyclops
 15459 | D:11     | HP: 5/103 [red ugly thing (21)]
 15461 | D:11     | Received a gift from Okawaru
 15931 | D:11     | Reached skill level 12 in Long Blades
 16095 | Lair:1   | Received a gift from Okawaru
 16597 | Lair:1   | Reached ****** piety under Okawaru
 16947 | Lair:2   | Received a gift from Okawaru
 16959 | Lair:2   | Got a transparent robe {god gift}
 16970 | Lair:2   | Identified the +0 robe "Qaziemunahi" {rPois Regen+} (Okawaru gifted it to you on level 2 of the Lair of Beasts)
 17049 | Lair:2   | Noticed a five-headed hydra
 17062 | Lair:2   | Killed a six-headed hydra
 17349 | Lair:2   | Noticed a five-headed hydra
 17363 | Lair:2   | Killed an eight-headed hydra
 18114 | Lair:2   | Reached skill level 13 in Long Blades
 18114 | Lair:2   | Reached XP level 13. HP: 38/110 MP: 6/13
 18380 | Lair:3   | Noticed a seven-headed hydra
 18436 | Lair:3   | Noticed Prince Ribbit
 18445 | Lair:3   | Killed Prince Ribbit
 18518 | Lair:3   | HP: 7/165 [eight-headed hydra (9)]
 19252 | Orc:3    | Killed Donald
 19336 | Orc:3    | Found Ymioh's Antique Weapon Shop.
 19393 | Orc:3    | Noticed Urug
 19409 | Orc:3    | Killed Urug
 19409 | Orc:3    | Reached skill level 1 in Invocations
 19472 | Orc:3    | Received a gift from Okawaru
 19488 | Orc:3    | Noticed Josephine
 19494 | Orc:3    | Killed Josephine
 19891 | Orc:4    | Entered Level 4 of the Orcish Mines
 20250 | Orc:4    | Paralysed by an orc sorcerer for 6 turns
 20619 | Orc:4    | Found Wueteaph's Food Emporium.
 20664 | Orc:4    | Found Qeusm's Book Boutique.
 20670 | Orc:4    | Gained mutation: You are frail (-10% HP). [a neqoxec]
 20812 | Orc:4    | Paralysed by an orc sorcerer for 5 turns
 20913 | Orc:4    | Found Lice's Antique Armour Boutique.
 20913 | Orc:4    | Found Ifruyba's Magic Scroll Emporium.
 20918 | Orc:4    | Bought a pair of embroidered boots for 130 gold pieces
 20918 | Orc:4    | Bought a runed helmet for 130 gold pieces
 20943 | Orc:4    | Bought a scroll of identify for 26 gold pieces
 20943 | Orc:4    | Bought a scroll of blinking for 97 gold pieces
 20943 | Orc:4    | Bought a scroll of identify for 26 gold pieces
 20943 | Orc:4    | Bought a scroll of enchant armour for 97 gold pieces
 20946 | Orc:4    | Gained mutation: You have hoof-like feet. [demonic ancestry]
 20946 | Orc:4    | Reached XP level 14. HP: 106/106 MP: 15/20
 20952 | Orc:4    | Noticed Rupert
 20956 | Orc:4    | Paralysed by Rupert for 3 turns
 20961 | Orc:4    | Paralysed by Rupert for 7 turns
 20979 | Orc:4    | Killed Rupert
 21502 | Lair:3   | Killed a seven-headed hydra
 21521 | Lair:3   | Received a gift from Okawaru
 21522 | Lair:3   | Noticed Maud
 21966 | Lair:3   | Killed Maud
 21966 | Lair:3   | Reached skill level 14 in Long Blades
 23186 | Lair:5   | Reached XP level 15. HP: 85/113 MP: 19/21
 23343 | Lair:5   | Received a gift from Okawaru
 23362 | Lair:5   | Got an ichor-stained trident
 23363 | Lair:5   | Identified the +6 trident of Ru's Generosity {elec, rPois MR+ Stlth+} (You found it on level 5 of the Lair of Beasts)
 24951 | Lair:6   | Identified a scroll of acquirement
 24954 | Lair:6   | Got a smoking jade ring
 24956 | Lair:6   | Identified the ring of Yxkarel {rPois Int+4 Slay+3} (You acquired it on level 6 of the Lair of Beasts)
 24994 | Lair:6   | Reached skill level 1 in Evocations
 25043 | Lair:6   | Found a staircase to the Snake Pit.
 25456 | Lair:6   | Found a staircase to the Swamp.
 26005 | Lair:7   | Received a gift from Okawaru
 26253 | Lair:7   | Reached skill level 15 in Long Blades
 26378 | Lair:7   | Found a dark tunnel.
 26382 | Volcano  | Entered a volcano
 26805 | Lair:7   | HP: 5/115 [blink frog (9)]
 26819 | Lair:7   | Received a gift from Okawaru
 27974 | Lair:8   | Entered Level 8 of the Lair of Beasts
 28049 | Lair:8   | Received a gift from Okawaru
 28544 | Lair:8   | Reached XP level 16. HP: 109/123 MP: 13/23
 28575 | Lair:8   | Noticed jacquesderrida's ghost (journeyman DsSu)
 28606 | Lair:8   | Killed jacquesderrida's ghost
 28805 | Lair:8   | Found a staircase to the Slime Pits.
 29021 | Lair:8   | Received a gift from Okawaru
 29984 | Orc:4    | Found a roughly hewn altar of Beogh.
 30548 | D:12     | Reached skill level 16 in Long Blades
 30587 | D:12     | Noticed Azrael
 30857 | D:12     | Killed Azrael
 31219 | D:12     | Noticed a manticore
 31224 | D:12     | Killed a manticore
 31534 | D:13     | Received a gift from Okawaru
 31771 | D:13     | Found Lonnod's Assorted Antiques.
 31783 | D:13     | Bought a scroll of blinking for 202 gold pieces
 31783 | D:13     | Bought a scroll of identify for 54 gold pieces
 31783 | D:13     | Bought a scroll labeled WETAGA UXADAWA for 27 gold pieces
 31783 | D:13     | Bought a scroll labeled WETAGA UXADAWA for 27 gold pieces
 32212 | D:13     | Found a gate to the Vaults.
 32257 | D:12     | Received a gift from Okawaru
 32264 | D:12     | Got an ancient crystal plate armour {god gift}
 32334 | D:12     | Identified the +21 crystal plate armour of Spite {rPois rC+ Str-4} (Okawaru gifted it to you on level 12 of the Dungeon)
 32853 | D:13     | Noticed Nessos
 32880 | D:13     | Killed Nessos
 33553 | D:14     | Noticed Frances
 33560 | D:14     | Killed Frances
 33634 | D:14     | You fall through a shaft!
 33634 | D:15     | Entered Level 15 of the Dungeon
 33634 | D:15     | Noticed Louise
 33637 | D:15     | Killed Louise
 33637 | D:15     | Reached skill level 17 in Long Blades
 33806 | D:15     | Found a staircase to the Depths.
 33921 | D:15     | Received a gift from Okawaru
 33965 | D:15     | Got a pair of heavily runed gloves {god gift}
 33971 | D:15     | Identified the +0 pair of gloves of the Loofah {+Blink rN+ Int+5} (Okawaru gifted it to you on level 15 of the Dungeon)
 34325 | D:15     | Found Iruifiamo's Antique Armour Emporium.
 34333 | D:15     | Bought a runed cloak for 135 gold pieces
 34415 | D:15     | Noticed Roxanne
 34434 | D:15     | Killed Roxanne
 34436 | D:15     | Identified Roxanne's Guide on Transformation (You took it off Roxanne on level 15 of the Dungeon)
 34487 | D:15     | Gained mutation: You regenerate magic rapidly. [demonic ancestry]
 34487 | D:15     | Reached XP level 17. HP: 130/130 MP: 24/24
 34488 | D:15     | Lost mutation: You are frail (-10% HP). [potion of cure mutation]
 35196 | Swamp:1  | Entered Level 1 of the Swamp
 35930 | Swamp:1  | Reached skill level 18 in Long Blades
 37640 | Swamp:3  | Received a gift from Okawaru
 37654 | Swamp:3  | Got a fine executioner's axe {god gift}
 37655 | Swamp:3  | Identified the +12 executioner's axe "Qostew" {drain, rPois rF+ Str+4} (Okawaru gifted it to you on level 3 of the Swamp)
 37863 | Swamp:3  | Noticed Jorgrun
 37877 | Swamp:3  | Killed Jorgrun
 38093 | Swamp:4  | Entered Level 4 of the Swamp
 38257 | Swamp:4  | Reached skill level 15 in Armour
 39187 | Swamp:4  | Received a gift from Okawaru
 39215 | Swamp:4  | Noticed a bone dragon
 39229 | Swamp:4  | Killed a bone dragon
 40116 | Swamp:4  | Got a decaying rune of Zot
 40926 | Snake:1  | Entered Level 1 of the Snake Pit
 41074 | Snake:1  | Reached XP level 18. HP: 113/147 MP: 22/25
 41627 | Snake:1  | Received a gift from Okawaru
 42181 | Snake:2  | Noticed nublet's ghost (adept DsMo)
 42184 | Snake:2  | Reached skill level 5 in Evocations
 42203 | Snake:2  | Killed nublet's ghost
 42319 | Snake:2  | Noticed Vashnia
 42681 | Snake:2  | Killed Vashnia
 44177 | Snake:3  | Received a gift from Okawaru
 44246 | Snake:3  | Reached skill level 19 in Long Blades
 44400 | Snake:3  | Found Juruy's Antique Armour Boutique.
 44414 | Snake:3  | Bought a runed cloak for 139 gold pieces
 44430 | Snake:3  | Found Deevian's Desiderata Depot.
 45047 | Snake:4  | Entered Level 4 of the Snake Pit
 45167 | Snake:4  | HP: 7/147 [poisoned by a naga ritualist (toxic radiance)]
 45173 | Snake:3  | HP: 6/147 [poisoned by a naga ritualist (toxic radiance)]
 45180 | Snake:3  | HP: 7/147 [poisoned by a naga ritualist (toxic radiance)]
 45708 | Snake:4  | Received a gift from Okawaru
 46858 | Snake:4  | Gained mutation: You are mostly covered in rugged brown scales (AC +2, +5% HP). [demonic ancestry]
 46858 | Snake:4  | Reached XP level 19. HP: 147/156 MP: 26/26
 46908 | Snake:4  | Reached skill level 20 in Long Blades
 48007 | Snake:4  | Received a gift from Okawaru
 48341 | Snake:4  | Got a serpentine rune of Zot
 48616 | D:10     | Gained mutation: Your flesh is very heat resistant. [potion of mutation]
 48616 | D:10     | Gained mutation: Your spells are a little harder to cast, but a little more powerful. [potion of mutation]
 48616 | D:10     | Gained mutation: You are somewhat resistant to further mutation. [potion of mutation]
 48715 | Vaults:1 | Entered Level 1 of the Vaults
 48900 | Vaults:1 | Received a gift from Okawaru
 49078 | Vaults:1 | Reached skill level 21 in Long Blades
 50700 | Vaults:2 | Found Oddakh's Assorted Antiques.
 50947 | Vaults:2 | Bought a scroll of enchant armour for 262 gold pieces
 50987 | Vaults:2 | Gained mutation: You have hooves in place of feet. [demonic ancestry]
 50987 | Vaults:2 | Reached XP level 20. HP: 141/168 MP: 22/27
 51050 | Vaults:2 | Reached skill level 22 in Long Blades
 51229 | Vaults:2 | Found a staircase to the Crypt.
 51441 | Vaults:2 | Noticed Charly's ghost (journeyman VSTm)
 51455 | Vaults:2 | Killed Charly's ghost
 52230 | Vaults:2 | Received a gift from Okawaru
 52314 | Crypt:1  | Entered Level 1 of the Crypt
 52562 | Vaults:3 | You fall through a shaft!
 52730 | Vaults:4 | Reached skill level 23 in Long Blades
 53917 | Vaults:3 | Received a gift from Okawaru
 53920 | Vaults:3 | Got an encrusted hat {god gift}
 53932 | Vaults:3 | Identified the +2 hat "Tuatwuadgh" {rPois} (Okawaru gifted it to you on level 3 of the Vaults)
 54343 | Vaults:4 | Reached XP level 21. HP: 127/174 MP: 23/28
 54370 | Vaults:4 | Gained mutation: You are resistant to hostile enchantments. [potion of beneficial mutation]
 54917 | Vaults:4 | Reached skill level 24 in Long Blades
 55564 | Elf:1    | Entered Level 1 of the Elven Halls
 56288 | Elf:1    | Reached skill level 15 in Fighting
 56365 | Elf:1    | Gained mutation: You can breathe flames. [potion of beneficial mutation]
 56411 | Elf:1    | Found Iklith's Food Boutique.
 56603 | Elf:1    | Noticed Nikola
 56622 | Elf:1    | Killed Nikola
 56969 | Elf:2    | Found Unisk's Jewellery Boutique.
 56996 | Elf:2    | Bought the ring of Posuump {rElec rN+++ Int-3 SInv Stlth-} for 646 gold pieces
 57025 | Elf:2    | Received a gift from Okawaru
 57320 | Elf:2    | Found a portal to a secret trove of treasure.
 57616 | Elf:2    | Found a huge runed gate.
 57616 | Elf:2    | Found a huge runed gate.
 57616 | Elf:2    | Found a huge runed gate.
 57616 | Elf:2    | Found a huge runed gate.
 57623 | Elf:2    | Found a huge runed gate.
 58031 | Elf:3    | Entered Level 3 of the Elven Halls
 58034 | Elf:3    | Found Soedimeu's Antique Weapon Shop.
 58067 | Elf:3    | Found a sparkling altar of Nemelex Xobeh.
 59204 | Elf:3    | Got a slimy marble ring
 59211 | Elf:3    | Identified the ring of Nunes {rF+ rN+ MR+ AC+4 Int+3} (You took it off a deep elf high priest on level 3 of the Elven Halls)
 59255 | Elf:3    | Gained mutation: When low on magic, you restore magic in place of health. [demonic ancestry]
 59255 | Elf:3    | Reached XP level 22. HP: 132/189 MP: 22/29
 59713 | Elf:3    | Received a gift from Okawaru
 60041 | Elf:3    | Got a spiked helmet
 60047 | Elf:3    | Identified the cursed +0 helmet "Jion Rai" {rN++} (You found it on level 3 of the Elven Halls)
 60057 | Elf:3    | Identified Bimil's Volume of Bewitchment
 60108 | Elf:3    | Got a smoking scimitar
 60110 | Elf:3    | Identified the +6 scimitar of Ambiguity {freeze, +Fly MR+ Int+4 Dex-4} (You found it on level 3 of the Elven Halls)
 61099 | Depths:1 | Entered Level 1 of the Depths
 61248 | Depths:1 | Found a gateway to Hell.
 61569 | Depths:1 | Found Okhlydeg's Book Boutique.
 61575 | Depths:1 | Received a gift from Okawaru
 61717 | Depths:1 | Got a bronze scale mail {god gift}
 61728 | Depths:1 | Identified the +0 scale mail of the Stag {rElec rPois Slay+2} (Okawaru gifted it to you on level 1 of the Depths)
 61904 | Depths:1 | Found a one-way gate to the infinite horrors of the Abyss.
 62387 | Hell     | Entered the Vestibule of Hell
 62387 | Hell     | Noticed Geryon
 62821 | Depths:2 | Noticed Wiglaf
 62839 | Depths:2 | Killed Wiglaf
 63162 | Depths:2 | Got a pair of brightly glowing gloves
 63174 | Depths:2 | Identified the +2 pair of gloves "Ismeecresm" {rPois} (You found it on level 2 of the Depths)
 63315 | Depths:2 | Reached skill level 10 in Evocations
 63373 | Depths:2 | Received a gift from Okawaru
 63631 | Depths:2 | Reached XP level 23. HP: 179/201 MP: 30/30
 63652 | Depths:2 | Found a one-way gate leading to the halls of Pandemonium.
 66008 | Depths:4 | Got a fine marble ring
 66023 | Depths:4 | Identified the ring of Koitzeme {MR+ EV+5 Int+4} (You found it on level 4 of the Depths)
 66060 | Depths:4 | Received a gift from Okawaru
 66199 | Depths:4 | Got a bound glass ring
 66250 | Depths:4 | Found a gateway to a ziggurat.
 66637 | Depths:3 | Identified the ring of Jiazaoha {rPois rC+ Int+3 Dex-4 Slay-3} (You found it on level 4 of the Depths)
 67338 | Depths:4 | Got a crude bone ring
 67340 | Depths:4 | Identified the ring "Beic" {rF- MR+ Int+7 SInv} (You found it on level 4 of the Depths)
 67350 | Depths:4 | Reached skill level 15 in Evocations
 67471 | Depths:5 | Entered Level 5 of the Depths
 67962 | Depths:5 | Found a gate to the Realm of Zot.
 68040 | Depths:5 | Gained mutation: You resist negative energy. [demonic ancestry]
 68040 | Depths:5 | Reached XP level 24. HP: 138/211 MP: 26/34
 68157 | Depths:5 | Noticed a juggernaut
 68169 | Depths:5 | Killed a juggernaut
 68769 | Depths:5 | Found Kojifoll's Antique Armour Boutique.
 68782 | Depths:5 | Bought a glowing helmet for 180 gold pieces
 68782 | Depths:5 | Bought a fine helmet for 380 gold pieces
 68797 | Depths:5 | Identified the cursed +0 helmet of the Blizzard {Int+5} (You bought it in a shop on level 5 of the Depths)
 69719 | Slime:1  | Entered Level 1 of the Pits of Slime
 70335 | Slime:2  | Received a gift from Okawaru
 70997 | Slime:3  | Gained mutation: You are frail (-10% HP). [a shining eye]
 71001 | Slime:3  | Gained mutation: You are dopey. (Int -2) [a shining eye]
 71004 | Slime:3  | Lost mutation: Your spells are a little harder to cast, but a little more powerful. [a shining eye]
 71046 | Slime:3  | Gained mutation: You are weak. (Str -2) [a shining eye]
 71297 | D:10     | Lost mutation: You are resistant to hostile enchantments. [potion of cure mutation]
 71297 | D:10     | Lost mutation: You are frail (-10% HP). [potion of cure mutation]
 71636 | Vaults:5 | Entered Level 5 of the Vaults
 71661 | Vaults:5 | Got a silver rune of Zot
 71871 | Vaults:5 | Noticed an ancient lich
 71891 | Vaults:5 | Killed an ancient lich
 71891 | Vaults:5 | Received a gift from Okawaru
 72259 | Vaults:5 | Reached skill level 5 in Dodging
 72321 | Vaults:5 | Received a gift from Okawaru
 72503 | Vaults:5 | Gained mutation: You are somewhat able to resist unholy torments (1 in 2 success). [demonic ancestry]
 72503 | Vaults:5 | Reached XP level 25. HP: 178/224 MP: 34/34
 73009 | Vaults:5 | Received a gift from Okawaru
 73486 | Vaults:5 | Cast into the Abyss (the power of Zot)
 73486 | Abyss:1  | Found a corrupted altar of Lugonu.
 74391 | Abyss:2  | Gained mutation: You have a pair of small antennae on your head. [potion of beneficial mutation]
 74682 | Abyss:3  | Found a corrupted altar of Lugonu.
 74819 | Abyss:3  | Got an abyssal rune of Zot
 75456 | Abyss:3  | Paralysed by accursed screaming for 1 turns
 75473 | Abyss:3  | Paralysed by accursed screaming for 1 turns
 75865 | Abyss:4  | Found a corrupted altar of Lugonu.
 75904 | Vaults:5 | Escaped the Abyss
 76002 | Vaults:5 | Identified Roxanne's Collected Works on Transmigration and Stones
 76164 | Vaults:5 | Received a gift from Okawaru
 76164 | Vaults:5 | Gained mutation: You are completely covered in rugged brown scales (AC +3, +7% HP). [demonic ancestry]
 76164 | Vaults:5 | Reached XP level 26. HP: 228/246 MP: 34/34
 76495 | Vaults:5 | Got a glittering pewter ring
 76497 | Vaults:5 | Identified the ring "Feoluar" {+Fly rF+ Str+6} (You took it off a vault guard on level 5 of the Vaults)
 77297 | Elf:2    | You paid a toll of a +5 demon whip to enter a treasure trove
 77298 | Trove    | Entered a treasure trove
 78109 | Slime:5  | Found a viscous altar of Jiyva.
 78245 | Slime:5  | Received a gift from Okawaru
 78270 | Slime:6  | Entered Level 6 of the Pits of Slime
 78401 | Slime:6  | Noticed the royal jelly
 79018 | Slime:6  | Found a viscous altar of Jiyva.
 79453 | Slime:6  | Killed the royal jelly
 79453 | Slime:6  | Received a gift from Okawaru
 79541 | Slime:6  | Got a faintly glowing cloak {god gift}
 79556 | Slime:6  | Identified the +0 cloak "Qauxil" {Dex+2} (Okawaru gifted it to you on level 6 of the Pits of Slime)
 79610 | Slime:6  | Got a slimy rune of Zot
 79700 | Slime:6  | Got a polished plate armour
 79711 | Slime:6  | Identified the cursed +1 plate armour of Ilil {+Fly SInv} (You found it on level 6 of the Pits of Slime)
 80487 | Hell     | Killed Geryon
 80662 | Hell     | Found a gateway to the ashen valley of Gehenna.
 80731 | Hell     | Found a gateway to the decaying netherworld of Tartarus.
 80832 | Hell     | Found a gateway to the Iron City of Dis.
 81030 | Geh:1    | Entered Level 1 of Gehenna
 82441 | Geh:2    | Gained mutation: Your melee attacks may debilitate your foes. [demonic ancestry]
 82441 | Geh:2    | Reached XP level 27. HP: 254/254 MP: 34/34
 82760 | Geh:3    | Cast into the Abyss (reaper)
 82858 | Geh:3    | Escaped the Abyss
 82995 | Geh:4    | Received a gift from Okawaru
 83205 | Geh:5    | Reached skill level 10 in Dodging
 85513 | Geh:7    | Entered Level 7 of Gehenna
 86797 | Geh:7    | Reached skill level 15 in Dodging
 87094 | Geh:7    | Got a crude cloak
 87105 | Geh:7    | Identified the +2 cloak of the Elven Halls {rC+ Dex+2} (You found it on level 7 of Gehenna)
 87397 | Geh:7    | Received a gift from Okawaru
 87473 | Geh:7    | Noticed Asmodeus
 87508 | Geh:7    | Killed Asmodeus
 87527 | Geh:7    | Got an obsidian rune of Zot
 88759 | Hell     | Reached skill level 1 in Stealth
 88786 | Dis:1    | Entered Level 1 of the Iron City of Dis
 89235 | Dis:1    | Reached skill level 5 in Stealth
 90622 | Dis:4    | Received a gift from Okawaru
 90625 | Dis:4    | Got a twisted scale mail {god gift}
 90636 | Dis:4    | Identified the +3 scale mail of the Lion {rElec Int+2 SInv} (Okawaru gifted it to you on level 4 of the Iron City of Dis)
 93320 | Dis:6    | Gained mutation: You occasionally shout uncontrollably at your foes. [mutagenic glow]
 93783 | Dis:7    | Entered Level 7 of the Iron City of Dis
 94174 | Dis:7    | Reached skill level 10 in Invocations
 95156 | Dis:7    | Cast into the Abyss (reaper)
 95158 | Abyss:1  | Found a corrupted altar of Lugonu.
 95179 | Dis:7    | Escaped the Abyss
 95348 | Dis:7    | Received a gift from Okawaru
 96119 | Dis:7    | Reached skill level 25 in Fighting
 96177 | Dis:7    | Cast into the Abyss (reaper)
 96182 | Abyss:1  | Found an opulent altar of Gozag.
 96219 | Dis:7    | Escaped the Abyss
 98400 | Elf:1    | Bought a slice of pizza for 21 gold pieces
 98400 | Elf:1    | Bought a meat ration for 70 gold pieces
 98400 | Elf:1    | Bought a beef jerky for 21 gold pieces
 98400 | Elf:1    | Bought a beef jerky for 21 gold pieces
 98400 | Elf:1    | Bought 4 fruits for 84 gold pieces
 98400 | Elf:1    | Bought a meat ration for 70 gold pieces
 98400 | Elf:1    | Bought a meat ration for 70 gold pieces
 98400 | Elf:1    | Bought a beef jerky for 21 gold pieces
 98400 | Elf:1    | Bought a bread ration for 70 gold pieces
 99201 | Orc:4    | Bought a meat ration for 55 gold pieces
 99201 | Orc:4    | Bought a beef jerky for 16 gold pieces
 99201 | Orc:4    | Bought a meat ration for 55 gold pieces
 99201 | Orc:4    | Bought a meat ration for 55 gold pieces
 99201 | Orc:4    | Bought a meat ration for 55 gold pieces
 99201 | Orc:4    | Bought a bread ration for 55 gold pieces
 99201 | Orc:4    | Bought a beef jerky for 16 gold pieces
 99254 | Orc:4    | Found Lice's Antique Armour Boutique.
100841 | Dis:7    | Reached skill level 26 in Fighting
101061 | Dis:7    | Noticed Dispater
101763 | Dis:7    | Killed from afar by Dispater

Action                   |  1- 3 |  4- 6 |  7- 9 | 10-12 | 13-15 | 16-18 | 19-21 | 22-24 | 25-27 || total
-------------------------+-------+-------+-------+-------+-------+-------+-------+-------+-------++-------
Melee: Long sword        |   132 |   144 |       |       |       |       |       |       |       ||   276
       Great sword       |       |     8 |   290 |   767 |    33 |    42 |       |       |       ||  1140
       Triple sword      |       |       |       |    77 |   899 |  1691 |  1574 |  1788 |  5730 || 11759
       Glaive            |       |       |       |       |     4 |       |       |       |       ||     4
Throw: Throwing net      |       |       |       |       |     1 |       |       |       |       ||     1
Invok: Heroism           |       |       |       |       |     8 |    18 |    18 |    15 |    35 ||    94
       Finesse           |       |       |       |       |     5 |     6 |     8 |     6 |    21 ||    46
Evoke: Wand              |       |       |       |       |       |     3 |       |     7 |    10 ||    20
       Lamp of fire      |       |       |       |       |       |       |       |     2 |       ||     2
       Phial of floods   |       |       |       |       |       |       |       |     1 |     1 ||     2
       Fan of gales      |       |       |       |       |       |       |       |     1 |       ||     1
       Sceptre of Asmode |       |       |       |       |       |       |       |       |    11 ||    11
       Horn of Geryon    |       |       |       |       |       |       |       |       |     1 ||     1
  Use: Potion            |       |     2 |     2 |    11 |     3 |     5 |     6 |     2 |    17 ||    48
       Scroll            |       |       |     9 |     9 |    21 |    17 |    12 |    13 |    23 ||   104
 Stab: Sleeping          |     3 |       |       |       |       |       |       |       |       ||     3
       Distracted        |       |     1 |       |     2 |       |     1 |       |       |       ||     4
  Eat: Chunk             |     2 |     3 |     5 |     8 |    11 |     7 |    16 |    51 |    39 ||   142
       Bread ration      |       |     1 |     2 |     7 |     4 |     8 |     2 |     2 |     6 ||    32
       Fruit             |       |       |     1 |       |     1 |       |       |     2 |     2 ||     6
       Beef jerky        |       |       |       |     2 |       |       |       |     3 |       ||     5
       Meat ration       |       |       |       |       |     1 |     5 |     4 |     4 |     9 ||    23
       Pizza             |       |       |       |       |       |     3 |       |       |     1 ||     4
       Royal jelly       |       |       |       |       |       |     1 |       |       |     2 ||     3
